 Dungeon Crawl Stone Soup version 0.31.0-32-g396128a36d (webtiles) character file.

Game seed: 17029908484474672591

120 Alphaeus the Ruffian (level 4, 0/42 HPs)
             Began as a Troll Shapeshifter on Mar 19, 2024.
             Slain by an orc priest
             ... wielding a +0 flail
              (2 damage)
             ... on level 3 of the Dungeon.
             The game lasted 00:01:27 (1505 turns).

Alphaeus the Ruffian (Troll Shapeshifter)           Turns: 1505, Time: 00:01:27

Health: 0/42       AC:  4    Str: 24    XL:     4   Next: 75%
Magic:  3/3        EV:  9    Int:  6    God:
Gold:   124        SH:  0    Dex:  9    Spells: 3/3 levels left

rFire   . .          .
                       - Unarmed
rCold   . . .        (no shield)
rNeg    . . .        a - +0 animal skin
rPois   .            (helmet currently unavailable)
rElec   .            (cloak currently unavailable)
rCorr   .            (gloves unavailable)
SInv    .            (boots unavailable)
Will    .....        j - amulet of the acrobat
Stlth   +            (no ring)
HPRegen 1.07/turn    (no ring)
MPRegen 0.08/turn

%: acrobat
@: beast-form
A: beast (slay +2), large, unfitting armour, claws 3, regeneration 1, shaggy fur
1, tough skin 1
a: Begin Untransformation


You were on level 3 of the Dungeon.
You were a hulking beast.
You visited 1 branch of the dungeon, and saw 3 of its levels.

You collected 124 gold pieces.

Inventory:

Armour
 a - a +0 animal skin (worn)
Jewellery
 i - an amulet of magic regeneration
 j - an amulet of the acrobat (around neck)
Talismans
 c - a beast talisman
 d - a flux talisman
Scrolls
 e - 2 scrolls of fear {unknown}
 k - a scroll of teleportation {unknown}
 m - a scroll of identify {unknown}
Potions
 b - 4 potions of lignification
 f - 3 potions of enlightenment {unknown}
 g - a potion of curing {unknown}
 h - a potion of degeneration {unknown}
 l - a potion of cancellation {unknown}
 n - a potion of invisibility {unknown}


   Skills:
 + Level 1.7 Fighting
 - Level 1.5 Dodging
 * Level 4.1 Unarmed Combat
 * Level 4.0 Shapeshifting


You had 3 spell levels left.
You didn't know any spells.
Your spell library contained the following spells:

 Spells                   Type           Power      Damage    Failure   Level
 Scorch                   Fire           0%         2d5       58%         2
 Flame Wave               Conj/Fire      0%         2d4       99%         4
 Summon Cactus Giant      Summ           0%         N/A       100%        6


Dungeon Overview and Level Annotations

Branches:
Dungeon (3/15)

Altars:


Innate Abilities, Weirdness & Mutations

You are a hulking beast.
Your limbs bulge with bestial killing power. (Slay +2)
You are too large for most types of armour.
You have claws for hands.
Your natural rate of healing is unusually fast.
You are covered in fur. (AC +1)
You have tough skin. (AC +1)


Message History

The hobgoblin closely misses you.
The orc priest mumbles some strange prayers to Beogh against you.
Beogh smites you!
You are too injured to fight recklessly!
You are too injured to fight recklessly!
You are too injured to fight recklessly!
You are too injured to fight recklessly!
You are too injured to fight recklessly!
You are too injured to fight recklessly!
You are too injured to fight recklessly!
You are too injured to fight recklessly!
You are too injured to fight recklessly!
You are too injured to fight recklessly!
You are too injured to fight recklessly!
You are too injured to fight recklessly!
You are too injured to fight recklessly!
You are too injured to fight recklessly!
You are too injured to fight recklessly!
You are too injured to fight recklessly!
You closely miss the orc priest.
The orc priest is heavily wounded.
The orc priest hits you with a +0 whip.
* * * LOW HITPOINT WARNING * * *
The hobgoblin hits you but does no damage.
The orc priest hits you with a +0 flail.
* * * LOW HITPOINT WARNING * * *
You barely miss the orc priest.
The orc priest is heavily wounded.
The orc priest hits you with a +0 whip.
* * * LOW HITPOINT WARNING * * *
The hobgoblin hits you.
* * * LOW HITPOINT WARNING * * *
The orc priest hits you but does no damage.
You barely miss the orc priest.
The orc priest is heavily wounded.
The orc priest hits you with a +0 whip.
* * * LOW HITPOINT WARNING * * *
The hobgoblin hits you but does no damage.
The orc priest hits you with a +0 flail.
You die...

.... ..... ## ..
.... ..... .# ..#
.... ...... .##..#
....
#...#######.#....
.... #....##........
# #.##..$.# #
#.##..).# +
#.#.....#
############....hg.#
#............>#.oo.#
#'#############....#
......# #......
......# #.......
......# ####......
......# ......
......# ......
......#


You could see 2 orc priests and a hobgoblin.

Vanquished Creatures
  A hound (D:3)
  2 adders (D:2)
  3 ribbon worms (D:2)
  2 dart slugs
  2 orcs (D:3)
  8 ball pythons
  6 endoplasms
  8 goblins
  2 hobgoblins
  A jackal (D:2)
  9 kobolds
  4 quokkas
  3 bats
  4 frilled lizards
  4 rats
59 creatures vanquished.

Notes
Turn   | Place    | Note
-------+----------+-------------------------------------------
     0 | D:1      | Alphaeus the Troll Shapeshifter began the quest for the
                  | Orb.
     0 | D:1      | Reached XP level 1. HP: 18/18 MP: 0/0
   126 | D:1      | Reached skill level 1 in Fighting
   131 | D:1      | Reached XP level 2. HP: 21/27 MP: 1/1
   196 | D:1      | Found a faded altar of an unknown god.
   788 | D:2      | Reached XP level 3. HP: 33/33 MP: 2/2
  1235 | D:2      | Reached XP level 4. HP: 41/41 MP: 3/3
  1505 | D:3      | HP: 2/42 [orc priest/+0 whip (4)]
  1505 | D:3      | Slain by an orc priest

Illustrated notes

Levels and vault maps discovered:
D:1:      doesnt_arrival_eight_statues, layout_loops_ring,
          shapermc_ecumenical_altar_petra, grunt_decor_fettered, st_stairs_3
D:2:      layout_basic, minmay_joined_circles
D:3:      layout_basic, general_overflow_altar, ashenzari_altar_1,
          kennysheep_generic_room_8, uniq_crazy_yiuf_cottage

Skill      XL: |  1  2  3  4 |
---------------+-------------+-----
Fighting       | 1 |  1.7
Unarmed Combat | 4 |  4.1
Shapeshifting  | 4 |  4.0
Dodging        | |  1.5

Action                     |  1- 3 |  4- 6 || total
---------------------------+-------+-------++-------
  Melee: Unarmed           |    85 |    44 ||   129
         Punch             |     1 |     2 ||     3
 Armour: Animal skin       |    61 |    26 ||    87
  Dodge: Dodged            |    29 |    15 ||    44
